 Dungeon Crawl Stone Soup version 0.27.0 (webtiles) character file.

Game seed: 8512557679254900892

95 calculon the Slasher (level 4, 0/61 HPs)
             Began as a Minotaur Berserker on July 31, 2021.
             Was a Believer of Trog.
             Slain by a gnoll (5 damage)
             ... on level 3 of the Dungeon.
             The game lasted 00:11:41 (1139 turns).

calculon the Slasher (Minotaur Berserker)           Turns: 1139, Time: 00:11:42

Health: 0/61       AC:  3    Str: 22    XL:     4   Next: 40%
Magic:  3/3        EV: 12    Int:  4    God:    Trog [**....]
Gold:   79         SH:  5    Dex: 10    Spells: 3/3 levels left

rFire    . . .     SeeInvis .   i - +4 short sword
rCold    . . .     Faith    .   (no shield)
rNeg     . . .     Spirit   .   (no armour)
rPois    .         Reflect  +   (helmet restricted)
rElec    .         Harm     .   (no cloak)
rCorr    .         Rampage  .   d - +2 pair of gloves
Will     .....                  (no boots)
Stlth    ..........             h - amulet of reflection
HPRegen  0.20/turn              (no ring)
MPRegen  0.08/turn              (no ring)

@: berserking, very quick
A: horns 2, retaliatory headbutt
a: Renounce Religion, Berserk, Trog's Hand


You were on level 3 of the Dungeon.
You worshipped Trog.
Trog was pleased with you.
You visited 1 branch of the dungeon, and saw 3 of its levels.

You collected 79 gold pieces.

Inventory:

Hand Weapons
 a - a +0 falchion
 e - a +0 spear
 f - a +0 dagger
 g - a +0 whip
 i - a +4 short sword (weapon)
 k - a +0 dagger
Missiles
 c - 87 stones (quivered)
Armour
 b - a +0 animal skin
 d - a +2 pair of gloves (worn)
 j - a +1 helmet
 l - a +0 ring mail
Jewellery
 h - an amulet of reflection (around neck)
Potions
 m - 2 potions of haste


   Skills:
 + Level 4.5 Fighting
 + Level 1.1(3.0) Short Blades
 + Level 4.8(4.9) Long Blades
 + Level 2.7 Armour
 + Level 2.6 Dodging
 + Level 0.3 Stealth
 + Level 0.2 Shields


You had 3 spell levels left.
You didn't know any spells.
Your spell library was empty.

Dungeon Overview and Level Annotations

Branches:
Dungeon (3/15)

Altars:
Fedhas


Innate Abilities, Weirdness & Mutations

You have a pair of horns on your head.
You reflexively headbutt those who attack you in melee.


Message History

A gnoll comes into view.
It is wielding a +0 club. 2 gnolls come into view.
The gnoll shouts! x2
A gnoll comes into view. It is wielding a +0 spear.
There is an open door here.
The gnoll shouts!
You hit the gnoll.
The gnoll is moderately wounded.
The gnoll hits you but does no damage.
You hit the gnoll.
The gnoll is heavily wounded.
The gnoll closely misses you.
You hit the gnoll but do no damage. You headbutt the gnoll.
The gnoll is heavily wounded.
The gnoll hits you with a +0 club. The gnoll misses you.
You closely miss the gnoll. You headbutt the gnoll.
You kill the gnoll!
Trog accepts your kill. The gnoll hits you with a +0 spear.
You block the gnoll's attack. The gnoll misses you.
You hit the gnoll.
The gnoll is heavily wounded.
The gnoll hits you with a +0 spear! The gnoll hits you with a +0 flail!
You block the gnoll's attack.
You puncture the gnoll!
You kill the gnoll!
Trog accepts your kill.
The gnoll hits you from afar with a +0 spear.
* * * LOW HITPOINT WARNING * * *
The gnoll hits you with a +0 flail!
* * * LOW HITPOINT WARNING * * *
Your base Short Blades skill increases to level 1!
A red film seems to cover your vision as you go berserk!
You feel yourself moving faster!
You feel mighty! The gnoll closely misses you. You block the gnoll's attack.
You puncture the gnoll! You headbutt the gnoll.
You kill the gnoll!
Trog accepts your kill.
The gnoll hits you from afar with a +0 spear.
You die...

#####+#+######
..#...........
#.#...).......
#.#..)@.g.....
######.###'#)##########
#..........#.##.......#
#.####.#####.##.......#
#.# #.# .##.......# #.#
#.# # .##.......# #.#
#.#.# .##..<....#
#.####...# .##.......#
#.....## #.......#


You could see a gnoll.

Vanquished Creatures
  Terence (D:2)
  3 gnolls (D:3)
  2 adders (D:2)
  2 worms (D:2)
  3 ball pythons
  6 bats
  An endoplasm (D:2)
  2 giant cockroaches
  3 hobgoblins (D:2)
  A quokka (D:2)
  A frilled lizard (D:2)
  A goblin (D:2)
  4 kobolds
  A rat (D:2)
31 creatures vanquished.

Notes
Turn   | Place    | Note
-------+----------+-------------------------------------------
     0 | D:1      | calculon the Minotaur Berserker began the quest for the
                  | Orb.
     0 | D:1      | Reached XP level 1. HP: 19/19 MP: 0/0
   595 | D:2      | Reached XP level 2. HP: 26/27 MP: 1/1
   665 | D:2      | Reached XP level 3. HP: 31/33 MP: 2/2
   697 | D:2      | Found a blossoming altar of Fedhas.
   832 | D:2      | Noticed Terence
   836 | D:2      | Killed Terence
   954 | D:2      | Reached XP level 4. HP: 41/41 MP: 3/3
  1028 | D:2      | Reached ** piety under Trog
  1138 | D:3      | Reached skill level 1 in Short Blades
  1139 | D:3      | Slain by a gnoll

Illustrated notes

Levels and vault maps discovered:
D:1:      matt_arrival_los_fun, layout_basic, serial_park_tiny_2
D:2:      layout_basic, basic_altar, uniq_terence
D:3:      layout_basic, grunt_dithmenos_smoke, zin_treasury

Skill      XL: |  1  2  3  4 |
---------------+-------------+-----
Long Blades    | 4 |  4.8
Fighting       | 4 |  4.5
Short Blades   | 1 |  1.1
Armour         | |  2.7
Dodging        | |  2.6
Stealth        | |  0.3
Shields        | |  0.2

Action                   |  1- 3 |  4- 6 || total
-------------------------+-------+-------++-------
Melee: Falchion          |    18 |       ||    18
       Headbutt          |     9 |     5 ||    14
       Short sword       |    18 |    18 ||    36
Invok: Berserk           |       |     1 ||     1
  Use: Potion            |     3 |       ||     3
       Scroll            |     2 |     1 ||     3
 Stab: Sleeping          |     1 |     1 ||     2
Armor: Animal skin       |     4 |       ||     4
       Skin              |     2 |     2 ||     4
Dodge: Dodged            |    19 |     9 ||    28
Block: Other             |     5 |     5 ||    10
       Rpst.: Falchion   |     4 |       ||     4
